PAA
MERCER ISLAND SCREAMING EAGLES @ MYRTLE BEACH MERMEN
08/18/2030
 
TOP OF THE 1ST
Mercer Island Screaming Eagles batting - Pitching for Myrtle Beach Mermen : RHP Tony Alfonso
Pitching: RHP Tony Alfonso
Batting: RHB Harry Freidricks 0-0: Ball
1-0: Fly out, F9 (Flyball, 89D)
Batting: LHB Jorge Pérez 0-0: SINGLE (Line Drive, 6M)
Batting: RHB Logan Cole 0-0: Foul Ball, location: 2F
0-1: Swinging Strike
0-2: Grounds into double play, 6-4-3 (Groundball, 6)
Top of the 1st over - 0 runs, 1 hit, 0 errors, 0 left on base; Mercer Island 0 - Myrtle Beach 0
BOTTOM OF THE 1ST
Myrtle Beach Mermen batting - Pitching for Mercer Island Screaming Eagles : RHP Jules Goux
Pitching: RHP Jules Goux
Batting: LHB Ramón Flores 0-0: Called Strike
0-1: Ball
1-1: Foul Ball, location: 2F
1-2: Strikes out swinging
Batting: RHB Cody Blackburn 0-0: Called Strike
0-1: Ball
1-1: Foul Ball, location: 2F
1-2: Foul Ball, location: 2F
1-2: SINGLE (Line Drive, 34)
Batting: LHB Shigenobu Ohayashi 0-0: Fly out, F9 (Flyball, 89M)
Batting: RHB Elijah Seymour 0-0: Called Strike
0-1: Ball
1-1: Called Strike
1-2: Ball
2-2: Ball
3-2: Base on Balls
Cody Blackburn to second
Batting: RHB Landon Edwards 0-0: SINGLE (Groundball, 56D)
Cody Blackburn to third
Elijah Seymour to second
Runner from 3rd tries for Home, SAFE, no throw
Batting: RHB Héctor Rivera 0-0: Ball
1-0: SINGLE (Groundball, 4MD)
Elijah Seymour to third
Landon Edwards to second
Runner from 3rd tries for Home, SAFE, no throw
Batting: RHB Guillermo Montepeque 0-0: Called Strike
0-1: Ball
1-1: SINGLE (Line Drive, 7S)
Landon Edwards to third
Héctor Rivera to second
Batting: RHB Maikel Cobblepot 0-0: Called Strike
0-1: Ball
1-1: Ground out 1-3 (Groundball, 13S)
Bottom of the 1st over - 2 runs, 4 hits, 0 errors, 3 left on base; Mercer Island 0 - Myrtle Beach 2
TOP OF THE 2ND
Mercer Island Screaming Eagles batting - Pitching for Myrtle Beach Mermen : RHP Tony Alfonso
Batting: SHB Ray Davis 0-0: Ball
1-0: Fly out, F8 (Flyball, 8LM)
Batting: RHB Gabriel Rodríguez 0-0: Foul Ball, location: 2F
0-1: Ball
1-1: Swinging Strike
1-2: Strikes out swinging
Batting: LHB Marcel Escoda 0-0: Foul Ball, location: 2F
0-1: Foul Ball, location: 2F
0-2: Ball
1-2: Foul Ball, location: 2F
1-2: Foul Ball, location: 2F
1-2: Ground out 1-3 (Groundball, P)
Top of the 2nd over - 0 runs, 0 hits, 0 errors, 0 left on base; Mercer Island 0 - Myrtle Beach 2
BOTTOM OF THE 2ND
Myrtle Beach Mermen batting - Pitching for Mercer Island Screaming Eagles : RHP Jules Goux
Batting: RHB Gomez Talone 0-0: Ball
1-0: Ground out 4-3 (Groundball, 34)
Batting: LHB Ramón Flores 0-0: Fly out, F8 (Flyball, 8RM)
Batting: RHB Cody Blackburn 0-0: Called Strike
0-1: Swinging Strike
0-2: Strikes out looking
Bottom of the 2nd over - 0 runs, 0 hits, 0 errors, 0 left on base; Mercer Island 0 - Myrtle Beach 2
TOP OF THE 3RD
Mercer Island Screaming Eagles batting - Pitching for Myrtle Beach Mermen : RHP Tony Alfonso
Batting: RHB Giobbe Bastedo 0-0: Ball
1-0: Ball
2-0: Ball
3-0: Called Strike
3-1: Foul Ball, location: 2F
3-2: Strikes out swinging
Batting: RHB Shizuo Heiwajaima 0-0: Ball
1-0: Ball
2-0: Called Strike
2-1: Ball
3-1: Foul Ball, location: 2F
3-2: Fly out, F9 (Flyball, 89S)
Batting: RHB Stanley van de Ven 0-0: Called Strike
0-1: Swinging Strike
0-2: Ball
1-2: Strikes out swinging
Top of the 3rd over - 0 runs, 0 hits, 0 errors, 0 left on base; Mercer Island 0 - Myrtle Beach 2
BOTTOM OF THE 3RD
Myrtle Beach Mermen batting - Pitching for Mercer Island Screaming Eagles : RHP Jules Goux
Batting: LHB Shigenobu Ohayashi 0-0: Ball
1-0: Ball
2-0: Swinging Strike
2-1: Ball
3-1: Foul Ball, location: 2F
3-2: Fly out, F8 (Flyball, 8LXD)
Batting: RHB Elijah Seymour 0-0: Called Strike
0-1: Ball
1-1: Foul Ball, location: 2F
1-2: Ground out 1-3 (Groundball, 13S)
Batting: RHB Landon Edwards 0-0: Ball
1-0: Foul Ball, location: 2F
1-1: Ball
2-1: Swinging Strike
2-2: Ground out 3-1 (Groundball, 34)
Bottom of the 3rd over - 0 runs, 0 hits, 0 errors, 0 left on base; Mercer Island 0 - Myrtle Beach 2
TOP OF THE 4TH
Mercer Island Screaming Eagles batting - Pitching for Myrtle Beach Mermen : RHP Tony Alfonso
Batting: RHB Harry Freidricks 0-0: Ball
1-0: Bunted foul
1-1: Called Strike
1-2: Foul Ball, location: 2F
1-2: Foul Ball, location: 2F
1-2: Ground out 4-3 (Groundball, 34D)
Batting: LHB Jorge Pérez 0-0: Ball
1-0: Fly out, F9 (Flyball, 9LM)
Batting: RHB Logan Cole 0-0: Ball
1-0: Called Strike
1-1: Swinging Strike
1-2: Ball
2-2: Ground out U3 (Groundball, 34)
Top of the 4th over - 0 runs, 0 hits, 0 errors, 0 left on base; Mercer Island 0 - Myrtle Beach 2
BOTTOM OF THE 4TH
Myrtle Beach Mermen batting - Pitching for Mercer Island Screaming Eagles : RHP Jules Goux
Batting: RHB Héctor Rivera 0-0: Called Strike
0-1: Fly out, F7 (Flyball, 78S)
Batting: RHB Guillermo Montepeque 0-0: Ball
1-0: Foul Ball, location: 2F
1-1: Foul Ball, location: 2F
1-2: Strikes out swinging
Batting: RHB Maikel Cobblepot 0-0: Ball
1-0: Ball
2-0: Ball
3-0: Called Strike
3-1: Base on Balls
Batting: RHB Gomez Talone 0-0: Called Strike
0-1: Fly out, F9 (Flyball, 9D)
Bottom of the 4th over - 0 runs, 0 hits, 0 errors, 1 left on base; Mercer Island 0 - Myrtle Beach 2
TOP OF THE 5TH
Mercer Island Screaming Eagles batting - Pitching for Myrtle Beach Mermen : RHP Tony Alfonso
Batting: SHB Ray Davis 0-0: Ball
1-0: Called Strike
1-1: Ball
2-1: Swinging Strike
2-2: Ground out U3 (Groundball, 3L)
Batting: RHB Gabriel Rodríguez 0-0: Foul Ball, location: 2F
0-1: Ball
1-1: Foul Ball, location: 2F
1-2: Fly out, F7 (Flyball, 78S)
Batting: LHB Marcel Escoda 0-0: Ball
1-0: Ball
2-0: Ball
3-0: Base on Balls
Batting: RHB Giobbe Bastedo 0-0: Ball
1-0: Ball
Marcel Escoda steals 2nd base
2-0: SINGLE (Groundball, 23) (infield hit)
Marcel Escoda to third
Batting: RHB Shizuo Heiwajaima 0-0: Called Strike
0-1: Ball
1-1: Ball
2-1: Ball
Giobbe Bastedo steals 2nd base
3-1: SINGLE (Groundball, 56) (infield hit)
Marcel Escoda scores
Giobbe Bastedo to third
Batting: RHB Stanley van de Ven 0-0: Ball
1-0: Ball
2-0: Called Strike
2-1: Fly out, F7 (Flyball, 7LS)
Top of the 5th over - 1 run, 2 hits, 0 errors, 2 left on base; Mercer Island 1 - Myrtle Beach 2
BOTTOM OF THE 5TH
Myrtle Beach Mermen batting - Pitching for Mercer Island Screaming Eagles : RHP Jules Goux
Batting: LHB Ramón Flores 0-0: Foul Ball, location: 2F
0-1: Ground out 4-3 (Groundball, 4D)
Batting: RHB Cody Blackburn 0-0: Swinging Strike
0-1: Ball
1-1: Ball
2-1: Ground out 4-3 (Groundball, 4)
Batting: LHB Shigenobu Ohayashi 0-0: Ball
1-0: Ball
2-0: Ground out U3 (Groundball, 3)
Bottom of the 5th over - 0 runs, 0 hits, 0 errors, 0 left on base; Mercer Island 1 - Myrtle Beach 2
TOP OF THE 6TH
Mercer Island Screaming Eagles batting - Pitching for Myrtle Beach Mermen : RHP Tony Alfonso
Batting: RHB Harry Freidricks 0-0: Called Strike
0-1: Bunt missed!
0-2: Ground out 4-3 (Groundball, 4S)
Batting: LHB Jorge Pérez 0-0: Called Strike
0-1: Ball
1-1: Ball
2-1: Fly out, F5 (Popup, 5F)
Batting: RHB Logan Cole 0-0: Called Strike
0-1: Foul Ball, location: 2F
0-2: Ball
1-2: Fly out, F8 (Flyball, 8RXD)
Top of the 6th over - 0 runs, 0 hits, 0 errors, 0 left on base; Mercer Island 1 - Myrtle Beach 2
BOTTOM OF THE 6TH
Myrtle Beach Mermen batting - Pitching for Mercer Island Screaming Eagles : RHP Jules Goux
Batting: RHB Elijah Seymour 0-0: Called Strike
0-1: Foul Ball, location: 2F
0-2: Ball
1-2: Ball
2-2: Ball
3-2: Foul Ball, location: 2F
3-2: Fly out, F7 (Flyball, 7LM)
Batting: RHB Landon Edwards 0-0: SINGLE (Line Drive, 78S)
Batting: RHB Héctor Rivera 0-0: Swinging Strike
0-1: Fly out, F5 (Line Drive, 5)
Batting: RHB Guillermo Montepeque 0-0: Called Strike
0-1: Called Strike
0-2: SINGLE (Line Drive, 5)
Landon Edwards to second
Batting: RHB Maikel Cobblepot 0-0: Foul Ball, location: 2F
0-1: Ball
1-1: Fly out, F7 (Flyball, 7S)
Bottom of the 6th over - 0 runs, 2 hits, 0 errors, 2 left on base; Mercer Island 1 - Myrtle Beach 2
TOP OF THE 7TH
Mercer Island Screaming Eagles batting - Pitching for Myrtle Beach Mermen : RHP Tony Alfonso
Batting: SHB Ray Davis 0-0: Foul Ball, location: 2F
0-1: Foul Ball, location: 2F
0-2: Ground out 5-3 (Groundball, 56)
Batting: RHB Gabriel Rodríguez 0-0: Ball
1-0: Ball
2-0: Called Strike
2-1: Foul Ball, location: 2F
2-2: Strikes out swinging
Batting: LHB Marcel Escoda 0-0: Fly out, F4 (Popup, 4M)
Top of the 7th over - 0 runs, 0 hits, 0 errors, 0 left on base; Mercer Island 1 - Myrtle Beach 2
BOTTOM OF THE 7TH
Myrtle Beach Mermen batting - Pitching for Mercer Island Screaming Eagles : RHP Jules Goux
Batting: RHB Gomez Talone 0-0: Foul Ball, location: 2F
0-1: Ball
1-1: Ball
2-1: Called Strike
2-2: Ground out 4-3 (Groundball, 4M)
Batting: LHB Ramón Flores 0-0: Foul Ball, location: 2F
0-1: SINGLE (Groundball, 5D)
Batting: RHB Cody Blackburn 0-0: Called Strike
0-1: Ball
1-1: Called Strike
Ramón Flores steals 2nd base
1-2: Ball
2-2: Ball
3-2: 2-RUN HOME RUN (Flyball, 7LD), Distance : 331 ft
Pitching: RHP Zion DeBose
Batting: LHB Shigenobu Ohayashi 0-0: Ball
1-0: Ball
2-0: Called Strike
2-1: Ball
3-1: Base on Balls
Batting: RHB Elijah Seymour 0-0: Ball
1-0: Called Strike
Shigenobu Ohayashi steals 2nd base
1-1: Intentional Walk
Batting: RHB Landon Edwards 0-0: SINGLE (Line Drive, 7S)
Shigenobu Ohayashi to third
Elijah Seymour to second
Pinch Hitting: RHB Maik Palen 0-0: Ball
1-0: Foul Ball, location: 2F
1-1: Fly out, F7 (Flyball, 78M)
Runner from 3rd tags up, SCORES, no throw
Batting: RHB Guillermo Montepeque 0-0: Ball
1-0: Ball
2-0: Called Strike
2-1: Foul Ball, location: 2F
2-2: Ball
3-2: Ground out 6-3 (Groundball, 6D)
Bottom of the 7th over - 3 runs, 3 hits, 0 errors, 2 left on base; Mercer Island 1 - Myrtle Beach 5
TOP OF THE 8TH
Mercer Island Screaming Eagles batting - Pitching for Myrtle Beach Mermen : RHP Tony Alfonso
Now in LF: Maik Palen
Batting: RHB Giobbe Bastedo 0-0: Foul Ball, location: 2F
0-1: Ball
1-1: Ball
2-1: SINGLE (Line Drive, 6MD)
Batting: RHB Shizuo Heiwajaima 0-0: Grounds into double play, 6-4-3 (Groundball, 6)
Batting: RHB Stanley van de Ven 0-0: Foul Ball, location: 2F
0-1: Called Strike
0-2: Strikes out swinging
Top of the 8th over - 0 runs, 1 hit, 0 errors, 0 left on base; Mercer Island 1 - Myrtle Beach 5
BOTTOM OF THE 8TH
Myrtle Beach Mermen batting - Pitching for Mercer Island Screaming Eagles : RHP Zion DeBose
Batting: RHB Maikel Cobblepot 0-0: SINGLE (Flyball, 8RS)
Batting: RHB Gomez Talone 0-0: Ball
1-0: Bunted foul
1-1: Bunted foul
1-2: Fly out, F8 (Flyball, 8RS)
Batting: LHB Ramón Flores 0-0: Ball
1-0: Ball
2-0: Ball
3-0: Base on Balls
Maikel Cobblepot to second
Batting: RHB Cody Blackburn 0-0: Ball
1-0: Called Strike
1-1: 3-RUN HOME RUN (Line Drive, 7D), Distance : 374 ft
Batting: LHB Shigenobu Ohayashi 0-0: Swinging Strike
0-1: Swinging Strike
0-2: Strikes out looking
Batting: RHB Elijah Seymour 0-0: Called Strike
0-1: Fly out, F6 (Popup, 6M)
Bottom of the 8th over - 3 runs, 2 hits, 0 errors, 0 left on base; Mercer Island 1 - Myrtle Beach 8
TOP OF THE 9TH
Mercer Island Screaming Eagles batting - Pitching for Myrtle Beach Mermen : RHP Tony Alfonso
Batting: RHB Harry Freidricks 0-0: Ball
1-0: Called Strike
1-1: Foul Ball, location: 2F
1-2: Strikes out swinging
Batting: LHB Jorge Pérez 0-0: Ball
1-0: Ground out 6-3 (Groundball, 6S)
Batting: RHB Logan Cole 0-0: Ball
1-0: Ball
2-0: Foul Ball, location: 2F
2-1: Swinging Strike
2-2: Ball
3-2: Foul Ball, location: 2F
3-2: Foul Ball, location: 2F
3-2: Fly out, F7 (Flyball, 7LSF)
Top of the 9th over - 0 runs, 0 hits, 0 errors, 0 left on base; Mercer Island 1 - Myrtle Beach 8
Sunday, March 18th, 2018 - OOTP Baseball 18.8 Build 76